 Dungeon Crawl Stone Soup version 0.28-a0-533-g9f97627e2a (webtiles) character file.

Game seed: 5734627209891444050

28 tatocazan the Skirmisher (level 3, 29/29 HPs)
             Began as a Demonspawn Fighter on Sept 25, 2021.
             Quit the game on level 2 of the Dungeon.
             The game lasted 00:01:03 (1013 turns).

tatocazan the Skirmisher (Demonspawn Fighter)       Turns: 1013, Time: 00:01:04

Health: 29/29      AC:  9    Str: 17    XL:     3   Next: 0%
Magic:  3/3        EV:  6    Int:  9    God:
Gold:   29         SH:  4    Dex: 12    Spells: 2/2 levels left

rFire   . . .      SeeInvis .   a - +0 war axe
rCold   . . .      Faith    .   c - +0 buckler
rNeg    . . .      Spirit   .   e - +0 chain mail
rPois   .          Reflect  .   (helmet restricted)
rElec   .          Harm     .   (no cloak)
rCorr   .          Rampage  .   (no gloves)
Will    .....                   (no boots)
Stlth   ..........              (no amulet)
HPRegen 0.09/turn               (no ring)
MPRegen 0.08/turn               (no ring)

@: no status effects
A: horns 1, powered by pain 1
a: no special abilities


You were on level 2 of the Dungeon.
You visited 1 branch of the dungeon, and saw 2 of its levels.

You collected 29 gold pieces.

Inventory:

Hand Weapons
 a - a +0 war axe (weapon)
Armour
 b - a +0 scale mail
 c - a +0 buckler (worn)
 e - a +0 chain mail (worn)
Jewellery
 f - a +6 ring of intelligence
Scrolls
 g - a scroll of enchant weapon {unknown}
 h - a scroll of blinking {unknown}
Potions
 d - a potion of might


   Skills:
 + Level 3.3 Fighting
 + Level 2.1 Axes
 + Level 3.0 Armour
 + Level 3.0 Shields


You had 2 spell levels left.
You didn't know any spells.
Your spell library was empty.

Dungeon Overview and Level Annotations

Branches:
Dungeon (2/15)

Altars:


Innate Abilities, Weirdness & Mutations

You have a pair of small horns on your head.
You sometimes gain a little power by taking damage.


Message History

No target in view!
No target in view!
No target in view!
No target in view!
No target in view!
No target in view!
No target in view!
No target in view!
No target in view!
No target in view!
No target in view!
Key pressed, stopping explore.
HP restored.
Things that are here:
a +0 whip; a kobold corpse; Health restored: 24 You open the door.
There is an open door here.
Key pressed, stopping explore.
Key pressed, stopping explore.
You now have 29 gold pieces (gained 3).
Key pressed, stopping explore.
A frilled lizard comes into view.
The frilled lizard hisses angrily.
The frilled lizard moves out of view.
A frilled lizard is nearby!
A frilled lizard is nearby!
A frilled lizard is nearby!
Found a scroll labelled TULOOTWESY.
You closely miss the frilled lizard.
The frilled lizard barely misses you. x2
You closely miss the frilled lizard.
The frilled lizard bites you but does no damage.
You slash the frilled lizard!
You kill the frilled lizard!
You have reached level 3!
Your experience leads to an increase in your attributes!
Increase (S)trength, (I)ntelligence, or (D)exterity?
You feel stronger.
Your demonic ancestry asserts itself...
A pair of horns grows on your head!
Health restored: 29; MP restored: 3 Are you sure you want to abandon this character and quit the game? (Confirm with "yes".)

####+####
#?.....#
#........
#......#
#........
#......#
#........
#......#
#####.........
#......#
....'.........
#......##
.####.........
#........ .#
#..........
#@# .#
#..........
#.# .#
#..........
#.# .#
#).†.......
#.# .#
#..<.......
#.# .#
#.....(.#+#
#.# .#
###.......#
#.# .#
#####.### #.#
.# #.# #.#


There were no monsters in sight!

Vanquished Creatures
  3 ball pythons
  2 giant cockroaches (D:1)
  2 goblins (D:1)
  2 hobgoblins
  2 quokkas (D:2)
  3 bats
  2 frilled lizards
  7 kobolds
  3 rats (D:1)
26 creatures vanquished.

Notes
Turn   | Place    | Note
-------+----------+-------------------------------------------
     0 | D:1      | tatocazan the Demonspawn Fighter began the quest for the
                  | Orb.
     0 | D:1      | Reached XP level 1. HP: 18/18 MP: 1/1
   326 | D:1      | Gained mutation: You sometimes gain a little power by
                  | taking damage. [demonic ancestry]
   326 | D:1      | Reached XP level 2. HP: 23/24 MP: 2/2
   673 | D:1      | Found a faded altar of an unknown god.
  1013 | D:2      | Gained mutation: You have a pair of small horns on your
                  | head. [demonic ancestry]
  1013 | D:2      | Reached XP level 3. HP: 29/29 MP: 3/3
  1013 | D:2      | Quit the game

Illustrated notes

Levels and vault maps discovered:
D:1:      saegor_arrival_simple_e, layout_basic,
          shapermc_ecumenical_altar_starsandcircs
D:2:      layout_basic

Skill      XL: |  1  2 |
---------------+-------+-----
Axes           | 2 |  2.1
Armour         | 3 |  3.0
Shields        | 3 |  3.0
Fighting       | |  3.3

Action                   || total
-------------------------++-------
Melee: War axe           ||    79
Armor: Chain mail        ||    60
       Scale mail        ||     9
Dodge: Dodged            ||    38
Block: Buckler           ||    21

Table legend: (Time is in decaauts)
 A = Elapsed time spent in this place.
 B = Non-inter-level travel time spent in this place.
 C = Inter-level travel time spent in this place.
 D = Time resting spent in this place.
 E = Time spent auto-exploring this place.
 F = Levels seen in this place.
 G = Mean time per level.
                   A        B        C        D        E       F      G
               +--------+--------+--------+--------+--------+-----+--------+
         Total |   1045 |   1018 |     27 |      0 |    814 |   2 |  522.5 |
       Dungeon |   1045 |   1018 |     27 |      0 |    814 |   2 |  522.5 |
               +--------+--------+--------+--------+--------+-----+--------+

Top non-repeatable levels by time:
     D:1: 855 daAuts
     D:2: 190 daAuts
